 Dungeon Crawl Stone Soup version 0.31-a0-246-g8cbcc1cb85 (webtiles) character file.

Game seed: 1384474614947948668

6388 Iniera the Cleaver (level 10, -1/81 HPs)
             Began as a Demonspawn Brigand on July 13, 2023.
             Was an Elder of Uskayaw.
             Slain by a wyvern (8 damage)
             ... on level 8 of the Dungeon.
             The game lasted 00:08:54 (7307 turns).

Iniera the Cleaver (Demonspawn Brigand)             Turns: 7307, Time: 00:08:54

Health: -1/81      AC: 13    Str: 22    XL:     10   Next: 66%
Magic:  15/15      EV:  6    Int: 12    God:    Uskayaw [****..]
Gold:   410        SH:  0    Dex: 15    Spells: 9/9 levels left

rFire   . . .        a - +2 broad axe (flame)
rCold   . . .        (no shield)
rNeg    . . .        g - +0 plate armour
rPois   .            (helmet restricted)
rElec   .            c - +0 cloak
rCorr   +            i - +1 pair of gloves
SInv    .            t - +0 pair of boots
Will    .....        (no amulet) Stlth
                     k - +6 ring of strength
HPRegen 2.33/turn    s - ring of resist corrosion
MPRegen 0.14/turn

%: no passive effects
@: corroded, studying Transmutations
A: horns 2, rugged brown scales 1, powered by death 2
a: Renounce Religion, Stomp, Line Pass


You were on level 8 of the Dungeon.
You worshipped Uskayaw.
Uskayaw was noncommittal.
You visited 2 branches of the dungeon, and saw 9 of its levels.

You collected 980 gold pieces.
You spent 570 gold pieces at shops.

Inventory:

Hand Weapons
 a - a +2 broad axe of flaming (weapon)
 b - a +1 war axe of electrocution
Missiles
 d - 31 poisoned darts (quivered)
 z - 4 curare-tipped darts
Armour
 c - a +0 cloak (worn)
 g - a +0 plate armour (worn)
 i - a +1 pair of gloves (worn)
 t - a +0 pair of boots (worn)
Jewellery
 k - a +6 ring of strength (left hand)
 s - a ring of resist corrosion (right hand)
Wands
 h - a wand of flame (39)
 l - a wand of iceblast (18)
Scrolls
 e - a scroll of blinking
 o - 6 scrolls of teleportation
Potions
 j - 3 potions of enlightenment
 m - a potion of brilliance {unknown}
 q - 2 potions of haste {unknown}
 r - 2 potions of curing


   Skills:
 - Level 7.2 Fighting
 - Level 1.7 Short Blades
 * Level 11.6 Axes
 - Level 2.0 Throwing
 - Level 4.1 Armour
 - Level 0.8 Dodging
 - Level 3.8 Stealth
 + Level 7.0 Invocations


You had 9 spell levels left.
You didn't know any spells.
Your spell library contained the following spells:

 Spells                   Type           Power      Damage    Failure   Level
 Lesser Beckoning         Tloc           0%         N/A       100%        2
 Gell's Gravitas          Tloc           0%         N/A       100%        3
 Stone Arrow              Conj/Erth      0%         3d7       100%        3
 Teleport Other           Tloc           0%         N/A       100%        3
 Vhi's Electric Charge    Tloc/Air       0%         N/A       100%        3
 Animate Armour           Summ/Erth      0%         N/A       100%        4
 Arcjolt                  Conj/Air       0%         1d10      100%        5
 Dispersal                Tloc           0%         N/A       100%        6
 Plasma Beam              Fire/Air       0%         2x1d10    100%        6
 Lehudib's Crystal Spear  Conj/Erth      0%         10d2      100%        8


Dungeon Overview and Level Annotations

Branches:
Dungeon (8/15)             Temple (1/1) D:7
   Lair: D:8-11

Altars:
Ashenzari
Cheibriados
Dithmenos
Fedhas
Gozag
Nemelex Xobeh
Qazlal
Ru
Uskayaw
Vehumet
Wu Jian
Xom
Yredelemnul

Shops:
D:1 (   D:4 ?   D:5 *

Annotations:
D:5 1 runed translucent door, Crazy Yiuf


Innate Abilities, Weirdness & Mutations

You have a pair of horns on your head.
You are partially covered in rugged brown scales. (AC +1, +3% HP)
You regenerate health from kills.


Message History

You are poisoned.
The shadow imp hits you but does no damage.
You hit Grum. You burn Grum. You headbutt Grum, but do no damage.
Grum is almost dead.
You slash the shadow imp! You burn the shadow imp.
You kill the shadow imp!
You hit something. You burn something. You hit the acid dragon.
You burn the acid dragon.
You feel very sick. The acid dragon barely misses you.
The acid dragon claws you.
* * * LOW HITPOINT WARNING * * *
You hear some strange, mumbled words.
A puff of flame appears from out of thin air!
The puff of flame hits you but does no damage.
Grum hits you with a -1 halberd!
* * * LOW HITPOINT WARNING * * *
Uskayaw will force your foes to helplessly watch your dance.
Uskayaw prepares the audience for your solo!
You feel better.
The helpless Grum fails to defend himself.
You slash Grum! You burn Grum.
You kill Grum!
You slash something! You burn something.
Reactivating autopickup.
You feel a bit more experienced.
The helpless acid dragon fails to defend itself.
You slice the acid dragon!! You burn the acid dragon!
You kill the acid dragon!
The acid dragon scales are intact enough to wear.
The wyvern is no longer paralysed.
The wyvern bites you!
* * * LOW HITPOINT WARNING * * *
Uskayaw will force your foes to share their pain.
Your Invocations skill increases to level 7!
You hit the wyvern. You burn the wyvern. You headbutt the wyvern.
The wyvern is lightly wounded.
The wyvern bites you!
* * * LOW HITPOINT WARNING * * *
Okay, then.
The wyvern bites you!
You die...

##### #...#
#...# #...#
#...# #
#...#######....
#...)).<.(..#
#..@l[...).....
#..........###.
#...####.#.#
#...# !..#
#...# ....
#...# ..##.
#.... #.# ..
##..#


You could see a wyvern.

Vanquished Creatures
  A boulder beetle (D:7)
  A manticore (D:7)
  Maggie (D:6)
  A steam dragon (D:7)
  Grum (D:8)
  An acid dragon (D:8)
  2 water moccasins
  6 sky beasts
  An orc warrior (D:6)
  2 black bears
  6 ice beasts
  2 wolves (D:7)
  5 centaurs
  An ogre (D:5)
  2 phantoms
  4 kobold brigands (D:5)
  A bullfrog (D:6)
  3 scorpions
  A gnoll sergeant (D:7)
  5 wights (D:7)
  6 killer bees
  A howler monkey (D:7)
  3 hounds
  3 jellies
  A gnoll bouda (D:5)
  6 orc priests
  4 iguanas
  6 orc wizards
  2 sleepcaps (D:5)
  25 gnolls
  7 adders
  A shadow imp (D:8)
  6 white imps
  3 ufetubi
  3 worms (D:2)
  3 dart slugs (D:1)
  27 orcs
  11 endoplasms
  4 giant cockroaches
  11 goblins
  7 hobgoblins
  11 jackals
  2 quokkas
  6 ball pythons
  4 bats
  3 frilled lizards
  45 kobolds
  4 rats
262 creatures vanquished.

Vanquished Creatures (others)
  A killer bee (D:8)
  An orc (D:8)
2 creatures vanquished.

Grand Total: 264 creatures vanquished

Notes
Turn   | Place    | Note
-------+----------+-------------------------------------------
     0 | D:1      | Iniera the Demonspawn Brigand began the quest for the Orb.
     0 | D:1      | Reached XP level 1. HP: 16/16 MP: 1/1
   117 | D:1      | Gained mutation: You regenerate a little health from kills.
                  | [demonic ancestry]
   117 | D:1      | Reached XP level 2. HP: 20/22 MP: 2/2
   370 | D:1      | Reached skill level 1 in Armour
   377 | D:1      | Reached XP level 3. HP: 21/28 MP: 3/3
   556 | D:1      | Identified a scroll of acquirement
   556 | D:1      | Acquired 366 gold pieces
   573 | D:1      | Found Wefyl's Antique Weapon Shoppe.
   579 | D:1      | Bought a glowing hand axe for 162 gold pieces
  1026 | D:2      | Gained mutation: You have a pair of small horns on your
                  | head. [demonic ancestry]
  1026 | D:2      | Reached XP level 4. HP: 32/35 MP: 4/4
  1160 | D:2      | Reached skill level 1 in Axes
  1241 | D:2      | Identified the +2 ring mail "Roessius" {rCorr Dex-5 SInv}
  1767 | D:3      | Reached skill level 2 in Axes
  1767 | D:3      | Gained mutation: You are partially covered in rugged brown
                  | scales. (AC +1, +3% HP) [demonic ancestry]
  1767 | D:3      | Reached XP level 5. HP: 35/42 MP: 5/5
  2128 | D:3      | Found an opulent altar of Gozag.
  2602 | D:4      | Found Cocetuuq's Magic Scroll Boutique.
  2612 | D:4      | Bought a scroll of brand weapon for 114 gold pieces
  2612 | D:4      | Bought a scroll of teleportation for 36 gold pieces
  2612 | D:4      | Bought a scroll of summoning for 114 gold pieces
  2612 | D:4      | Bought a scroll of teleportation for 36 gold pieces
  2612 | D:4      | Bought a scroll of teleportation for 36 gold pieces
  2613 | D:4      | Bought a scroll of identify for 24 gold pieces
  2613 | D:4      | Bought a scroll of identify for 24 gold pieces
  2702 | D:4      | Bought a scroll of identify for 24 gold pieces
  2743 | D:4      | Gained mutation: You regenerate health from kills. [demonic
                  | ancestry]
  2743 | D:4      | Reached XP level 6. HP: 44/49 MP: 6/6
  2852 | D:4      | Reached skill level 3 in Axes
  3314 | D:5      | Entered Level 5 of the Dungeon
  3424 | D:5      | Reached skill level 4 in Axes
  3424 | D:5      | Gained mutation: You have a pair of horns on your head.
                  | [demonic ancestry]
  3424 | D:5      | Reached XP level 7. HP: 11/56 MP: 7/7
  3677 | D:5      | Found Imupeoba's CLEARANCE SALE!.
  3928 | D:5      | Reached skill level 5 in Fighting
  3928 | D:5      | Reached skill level 5 in Axes
  4212 | D:5      | Found a runed translucent door.
  4213 | D:5      | Noticed Crazy Yiuf
  4321 | D:5      | Reached XP level 8. HP: 31/63 MP: 8/8
  4440 | D:5      | Reached skill level 6 in Axes
  4947 | D:6      | Reached skill level 7 in Axes
  5026 | D:6      | Reached XP level 9. HP: 73/73 MP: 9/9
  5105 | D:6      | Noticed Maggie
  5119 | D:6      | Killed Maggie
  5120 | D:6      | Reached skill level 8 in Axes
  5746 | D:7      | Found a staircase to the Ecumenical Temple.
  5762 | D:7      | Reached skill level 9 in Axes
  5775 | Temple   | Entered the Ecumenical Temple
  5984 | Temple   | Became a worshipper of Uskayaw the Reveller
  6017 | D:7      | Reached * piety under Uskayaw
  6019 | D:7      | Reached ** piety under Uskayaw
  6119 | D:7      | Reached skill level 1 in Invocations
  6220 | D:7      | Reached *** piety under Uskayaw
  6229 | D:7      | Reached **** piety under Uskayaw
  6328 | D:7      | Reached skill level 10 in Axes
  6352 | D:7      | Noticed a boulder beetle
  6406 | D:7      | Noticed a manticore
  6451 | D:7      | Killed a manticore
  6452 | D:7      | Reached XP level 10. HP: 54/81 MP: 11/13
  6454 | D:7      | Reached ***** piety under Uskayaw
  6455 | D:7      | Killed a boulder beetle
  6456 | D:7      | Reached skill level 5 in Invocations
  6573 | D:7      | Identified the +2 buckler "Jyceon" {Int+3 Dex+3}
  6590 | D:7      | Reached ****** piety under Uskayaw
  6591 | D:7      | Reached skill level 11 in Axes
  6936 | D:8      | Noticed Grum
  6942 | D:7      | HP: 3/81 [poisoned by a killer bee]
  6945 | D:7      | HP: 1/81 [poisoned by a killer bee]
  7305 | D:8      | Killed Grum
  7306 | D:8      | HP: 4/81 [wyvern (13)]
  7307 | D:8      | Slain by a wyvern

Illustrated notes

Levels and vault maps discovered:
D:1:      minmay_arrival_wavy_path, layout_basic, serial_shops, shop,
          st_stairs_11
D:2:      layout_basic, minmay_split_cup_large
D:3:      layout_basic, grunt_gozag_breadcrumbs
D:4:      layout_cave_pods, serial_shops, shop_statue, small_statue_intersection
D:5:      minmay_goblin_kobold_castle, layout_basic, nicolae_shop_clearance,
          uniq_crazy_yiuf_cottage
D:6:      layout_basic, corexii_shack, uniq_maggie
D:7:      minmay_s_stair_smasher, layout_basic,
          minmay_temple_entry_statues_fountains
D:8:      layout_basic, minmay_fractal_squares_5, uniq_grum, uniq_maurice
Temple:   roderic_octagonal_lattice_temple

Skill      XL: |  1  2  3  4  5  6  7  8  9 10 |
---------------+-------------------------------+-----
Throwing       | 2 |  2.0
Armour         | 1 2 3 4 |  4.1
Fighting       | 3 4 5 6 7 |  7.2
Axes           | 2 4 5 7 10 11 | 11.6
Invocations    | 4 7 |  7.0
Short Blades   | |  1.7
Dodging        | |  0.8
Stealth        | |  3.8

Action                     |  1- 3 |  4- 6 |  7- 9 | 10-12 || total
---------------------------+-------+-------+-------+-------++-------
  Melee: Dagger            |   152 |       |       |       ||   152
         Hand axe          |    21 |    30 |       |       ||    51
         War axe           |       |   139 |   199 |       ||   338
         Headbutt          |       |    33 |    54 |    21 ||   108
         Punch             |       |     1 |     1 |       ||     2
         Broad axe         |       |       |   104 |    78 ||   182
 Invoke: Stomp             |       |       |       |     1 ||     1
    Use: Scroll            |     3 |     9 |     4 |     1 ||    17
         Potion            |       |     1 |     1 |     3 ||     5
   Stab: Sleeping          |     3 |       |       |       ||     3
         Paralysed         |       |       |     2 |     5 ||     7
 Armour: Robe              |    10 |       |       |       ||    10
         Plate armour      |   106 |   173 |   241 |   108 ||   628
  Dodge: Dodged            |    49 |    50 |   110 |    42 ||   251

Table legend: (Time is in decaauts)
 A = Elapsed time spent in this place.
 B = Non-inter-level travel time spent in this place.
 C = Inter-level travel time spent in this place.
 D = Time resting spent in this place.
 E = Time spent auto-exploring this place.
 F = Levels seen in this place.
 G = Mean time per level.
                   A        B        C        D        E       F      G
               +--------+--------+--------+--------+--------+-----+--------+
         Total |   7419 |   7067 |    352 |    688 |   4824 |   9 |  824.3 |
       Dungeon |   7188 |   6887 |    301 |    688 |   4661 |   8 |  898.5 |
        Temple |    230 |    179 |     51 |      0 |    163 |   1 |  230.0 |
               +--------+--------+--------+--------+--------+-----+--------+

Top non-repeatable levels by time:
     D:5: 1653 daAuts
     D:7: 1316 daAuts
     D:4: 1030 daAuts
     D:6: 833 daAuts
     D:1: 814 daAuts
     D:3: 794 daAuts
     D:2: 716 daAuts
  Temple: 230 daAuts
     D:8: 29 daAuts
